[Event "Team 45 45 League T78"]
[Site "Internet Chess Club"]
[Date "2018.09.22"]
[Round "1"]
[White "PolishRyszard"]
[Black "janh"]
[Result "1-0"]
[WhiteElo "1839"]
[BlackElo "1898"]
[Opening "Caro-Kann: Steinitz variation"]
[ECO "B17"]
[Time "16:02:21"]
[TimeControl "2700+45"]

1. d4 d5 2. e4 c6 3. Nc3 dxe4 4. Nxe4 Nd7 5. Nf3 Ngf6 6. Nxf6+ Nxf6 7. Bd3 Bg4
8. c3 Qd5 9. Qe2 e6 10. Be3 Be7 11. Bc4 Qa5 12. h3 Bh5 13. g4 Bg6 14. Ne5 Be4
15. f3 Bd5 16. Bd3 b5 17. O-O Bd6 18. a4 Qc7 19. axb5 c5 20. Nc4 Be7 21. Ne5 O-O
22. c4 Bb7 23. Qc2 cxd4 24. Bf4 Bd6 25. Rae1 g6 26. Qe2 Rfd8 27. Bg5 Bxe5 28.
Qxe5 Qxe5 29. Rxe5 Nd7 30. Ree1 f6 31. Bd2 Ne5 32. Be4 Bxe4 33. Rxe4 Nxc4 34.
Bb4 Kf7 35. b3 Ne3 36. Rc1 Rd7 37. Rc6 e5 38. f4 Nd5 39. fxe5 fxe5 40. Bd2 Re8
41. Rc5 Ke6 42. Bf4 Nxf4 43. Rcxe5+ Kf6 44. Rxe8 Nxh3+ 45. Kf1 Ng5 46. Rf4+ Kg7
47. Ke2 Rd5 48. Kd3 Rxb5 49. Kc4 Rb7 50. Rxd4 Kf7 51. Re5 Ne6 52. Rde4 Rc7+ 53.
Kd5 Rd7+ 54. Kc6 Rc7+ 55. Kd6 {Black resigns} 1-0

[Event "Team 45 45 League T78"]
[Site "Internet Chess Club"]
[Date "2018.09.22"]
[Round "1"]
[White "primerpaso"]
[Black "disinformator"]
[Result "1-0"]
[WhiteElo "1865"]
[BlackElo "1801"]
[Opening "English: Sicilian reversed"]
[ECO "A25"]
[Time "18:01:37"]
[TimeControl "2700+45"]

1. c4 e5 2. Nc3 Nc6 3. g3 f5 4. Bg2 Nf6 5. e3 Be7 6. Nge2 d6 7. O-O O-O 8. b3 a6
9. Bb2 Qe8 10. d4 e4 11. Qd2 Bd8 12. Rae1 Ne7 13. f3 Ng6 14. fxe4 Nxe4 15. Nxe4
fxe4 16. Nc3 Bf5 17. Qc2 c6 18. Bxe4 Bh3 19. Rxf8+ Nxf8 20. Bf5 Qh5 21. Bxh3
Qxh3 22. Rf1 Nd7 23. Qf5 Qxf5 24. Rxf5 Nf6 25. Ba3 Bc7 26. Kg2 b5 27. Kf3 Re8
28. cxb5 cxb5 29. Nd5 Nxd5 30. Rxd5 Re6 31. e4 h6 32. g4 Kh7 33. h4 Kg6 34. Rf5
Re8 35. h5+ Kh7 36. Rf7 Bb6 37. Bb2 Kg8 38. Rb7 Rf8+ 39. Ke3 Bd8 40. d5 Bg5+ 41.
Ke2 Rf4 42. Kd3 Rxg4 43. Rxg7+ Kf8 44. Rg6 Rg3+ 45. Kc2 Rg2+ 46. Kc3 Rg3+ 47.
Kb4 Bd2+ 48. Ka3 Bg5 49. Bg7+ Kf7 50. Bxh6 Bh4 51. Rxg3 Bxg3 52. Bg5 a5 53. Kb2
Be5+ 54. Kc2 Bg3 55. Kd3 Be5 56. Ke3 Kg7 57. Bf4 {Black resigns} 1-0

[Event "Team 45 45 League T78"]
[Site "Internet Chess Club"]
[Date "2018.09.23"]
[Round "1"]
[White "cadmiumorange"]
[Black "Portola"]
[Result "0-1"]
[WhiteElo "1809"]
[BlackElo "1771"]
[Opening "Réti: King's Indian attack (Barcza system)"]
[ECO "A07"]
[Time "10:01:01"]
[TimeControl "2700+45"]

1. Nf3 d5 2. g3 Bf5 3. Bg2 c6 4. O-O h6 5. d3 Nf6 6. Nbd2 e6 7. Qe1 Be7 8. e4
dxe4 9. dxe4 Bh7 10. Qe2 O-O 11. e5 Nd5 12. c4 Nb4 13. Ne4 Bxe4 14. Qxe4 Nd7 15.
a3 Nc5 16. Qg4 h5 17. Qxh5 Nc2 18. Rb1 f6 19. Bf4 Qd3 20. exf6 Rxf6 21. Bg5 Rf5
22. b4 Ne4 23. h4 Nf6 24. Qg6 Rxf3 25. Qxd3 Rxd3 26. Bh3 Kf7 27. Rfe1 Nxe1
{White resigns} 0-1

[Event "Team 45 45 League T78"]
[Site "Internet Chess Club"]
[Date "2018.09.22"]
[Round "1"]
[White "kabindra"]
[Black "ascoli"]
[Result "1-0"]
[WhiteElo "1719"]
[BlackElo "1686"]
[Opening "Caro-Kann: advance variation"]
[ECO "B12"]
[Time "11:01:37"]
[TimeControl "2700+45"]

1. e4 c6 2. d4 d5 3. e5 Bf5 4. Ne2 e6 5. Ng3 Bg6 6. h4 h6 7. h5 Bh7 8. Bd3 Bxd3
9. cxd3 Qb6 10. Be3 Qxb2 11. Nd2 Qa3 12. Qe2 Nd7 13. O-O Ne7 14. Nb3 Rc8 15. Nc5
b6 16. Nxd7 Kxd7 17. Rad1 Rc7 18. Qf3 Ke8 19. Qg4 Nc8 20. f4 Ne7 21. f5 Nxf5 22.
Nxf5 exf5 23. Qxf5 Qe7 24. e6 Qxe6 25. Qf3 Re7 26. Rde1 Qd7 27. Qg3 Qd8 28. Bf4
Kd7 29. Qg4+ Re6 30. Bg3 Qe7 31. Bh4 Qd6 32. Rxf7+ Ke8 33. Rxf8+ Kxf8 34. Rxe6
Qc7 35. Re7 {Black resigns} 1-0

[Event "Team 45 45 League T78"]
[Site "Internet Chess Club"]
[Date "2018.09.23"]
[Round "1"]
[White "fledermaus"]
[Black "Yedixon"]
[Result "1-0"]
[WhiteElo "1839"]
[BlackElo "1669"]
[Opening "Pirc: Ufimtsev-Pytel variation"]
[ECO "B07"]
[Time "15:06:04"]
[TimeControl "2700+45"]

1. d4 d6 2. e4 Nf6 3. Nc3 c6 4. f4 Qa5 5. e5 Ne4 6. Qf3 Nxc3 7. Bd2 dxe5 8. fxe5
e6 9. bxc3 c5 10. Bc4 Qa4 11. Qd3 Bd7 12. Rb1 Qc6 13. Nf3 a6 14. d5 Qc8 15. a4
Bxa4 16. dxe6 fxe6 17. Ng5 Bd7 18. Nxh7 b5 19. Qg6+ Kd8 20. Ng5 bxc4 21. Nf7+
Kc7 22. Nxh8 Nc6 23. Qe4 Qd8 24. O-O {Black resigns} 1-0

[Event "Team 45 45 League T78"]
[Site "Internet Chess Club"]
[Date "2018.09.23"]
[Round "1"]
[White "THE-WARRIOR"]
[Black "LookImYourVader"]
[Result "1/2-1/2"]
[WhiteElo "1606"]
[BlackElo "1817"]
[Opening "Queen's gambit accepted"]
[ECO "D20"]
[Time "14:01:14"]
[TimeControl "2700+45"]

1. d4 d5 2. c4 dxc4 3. e3 e5 4. Bxc4 exd4 5. exd4 Bd6 6. Nf3 Nf6 7. O-O O-O 8.
Bg5 h6 9. Bh4 Nc6 10. h3 a6 11. a3 b5 12. Ba2 Bb7 13. Nc3 b4 14. axb4 Nxb4 15.
Bc4 g5 16. Bg3 c5 17. Rc1 Bxg3 18. fxg3 Bxf3 19. Rxf3 cxd4 20. Ne2 d3 21. Bxd3
Qb6+ 22. Kh2 Nxd3 23. Qxd3 Rad8 24. Qf5 Kg7 25. Nc3 Qe6 26. Qc2 Rc8 27. Rcf1 Nd5
28. Qd2 Nxc3 29. Qd4+ f6 30. bxc3 Rc4 31. Qf2 Qe5 32. Re3 Qc7 33. Rfe1 Rf7 34.
Qa2 Rxc3 35. Qxa6 Rxe3 {Game drawn by mutual agreement} 1/2-1/2

[Event "Team 45 45 League T78"]
[Site "Internet Chess Club"]
[Date "2018.09.21"]
[Round "1"]
[White "chessabc"]
[Black "misuc56"]
[Result "1-0"]
[WhiteElo "1772"]
[BlackElo "1525"]
[Opening "Levitsky attack (Queen's bishop attack)"]
[ECO "D00"]
[Time "16:00:40"]
[TimeControl "2700+45"]

1. d4 d5 2. Bg5 f6 3. Bh4 c6 4. e3 e6 5. Bd3 Qb6 6. b3 g6 7. Ne2 Nd7 8. O-O Qc7
9. Nd2 Bd6 10. Bg3 Bxg3 11. fxg3 Ne7 12. c4 O-O 13. Nf4 Nb8 14. cxd5 Nxd5 15.
Nxd5 exd5 16. Rc1 Qe7 17. Qf3 Be6 18. e4 dxe4 19. Qxe4 Nd7 20. Rfe1 Rae8 21. Bc4
Qb4 22. Bxe6+ Kg7 23. Qd3 Nb6 24. Bc4 Qd6 25. Re3 Rd8 26. Nf3 Rd7 27. Re6 Qc7
28. Rce1 Nc8 29. Qe3 b5 30. Bd3 Rff7 31. Rc1 Ne7 32. Bxb5 Qb6 33. Bxc6 Rc7 34.
Qc3 Qb8 35. Qd2 Qc8 36. Ree1 Rxc6 37. Rxc6 Qxc6 38. Rc1 Qb6 39. Rc5 h5 40. Qd3
Qd6 41. Qe4 Qb6 42. Qd3 Nf5 43. Qb5 Qe6 44. Qd3 Rd7 45. d5 Qe7 46. b4 Qd6 47.
Nh4 Nxh4 48. gxh4 Qf4 49. Rc4 Qe5 50. Re4 Qa1+ 51. Kf2 Qxa2+ 52. Qe2 Qxe2+ 53.
Rxe2 Rxd5 54. Re7+ Kf8 55. Rxa7 Rb5 56. Ra4 Kf7 57. Ke3 Ke6 58. Kd4 Rd5+ 59. Kc4
Rd2 60. Ra6+ Ke5 61. Ra5+ Kd6 62. Ra6+ Ke5 63. Kc3 Rd1 64. b5 Rb1 65. Kc4 Rb2
66. b6 f5 67. Ra5+ Kd6 68. Rb5 Rc2+ 69. Kd4 Rc8 70. b7 Rb8 71. Rb6+ Kc7 72. Rxg6
Kxb7 73. Rg5 Rf8 74. Rxh5 f4 75. Ke4 Kc7 76. Rf5 Rh8 77. g3 fxg3 78. hxg3 Kd7
79. h5 Ke6 80. Kf4 Ra8 81. g4 Rh8 82. Ra5 Rf8+ 83. Kg5 Rg8+ 84. Kh4 Rb8 85. h6
Kf7 86. Kh5 Kg8 87. g5 Kh7 88. Ra7+ Kh8 89. Rf7 Kg8 90. Rf6 Rb5 91. Kg6 Rb8 92.
h7+ Kh8 93. Kh6 Rb6 94. Kg6 Rb8 95. Re6 Rb6 96. Kf7 Rb7+ 97. Kf6 Rb8 98. g6 Rf8+
99. Kg5 Ra8 100. Kh6 {Black resigns} 1-0

[Event "Team 45 45 League T78"]
[Site "Internet Chess Club"]
[Date "2018.09.24"]
[Round "1"]
[White "Demachaeron"]
[Black "elmaestro"]
[Result "0-1"]
[WhiteElo "1761"]
[BlackElo "1682"]
[Opening "Queen's gambit accepted"]
[ECO "D20"]
[Time "22:03:59"]
[TimeControl "2700+45"]

1. d4 d5 2. c4 dxc4 3. Nc3 a6 4. a4 Nf6 5. e4 e5 6. d5 Bb4 7. Bg5 h6 8. Bxf6
Qxf6 9. Bxc4 O-O 10. Qf3 Nd7 11. Rc1 Re8 12. Qe2 Qf4 13. Rc2 Nc5 14. Bd3 Nxa4
15. g3 Qf6 16. Qd2 Nc5 17. Nge2 Qf3 {White resigns} 0-1

[Event "Team 45 45 League T78"]
[Site "Internet Chess Club"]
[Date "2018.09.19"]
[Round "1"]
[White "gnat"]
[Black "searchforbobby1"]
[Result "0-1"]
[WhiteElo "2045"]
[BlackElo "2063"]
[Opening "French: Schlechter variation"]
[ECO "C01"]
[Time "22:04:31"]
[TimeControl "2700+45"]

1. d4 e6 2. e4 d5 3. Bd3 dxe4 4. Bxe4 Nf6 5. Bg5 Be7 6. Bxf6 Bxf6 7. c3 O-O 8.
Nf3 Nd7 9. h4 Re8 10. Qc2 Nf8 11. Nbd2 Rb8 12. O-O-O b5 13. Nb3 Bb7 14. Bxb7
Rxb7 15. Kb1 Qd5 16. Rhe1 Rb6 17. Qe4 c6 18. Qxd5 cxd5 19. a3 Nd7 20. g3 Ra8 21.
Kc2 a5 22. Ra1 Rc6 23. Kd3 a4 24. Nbd2 Nb6 25. Re2 Nc4 26. Nxc4 bxc4+ 27. Kc2
Rb8 28. Kc1 Rcb6 29. Ne1 h5 30. Rb1 g5 31. hxg5 Bxg5+ 32. f4 Be7 33. Nc2 Kh7 34.
Nb4 Rg8 35. Re3 Bd6 36. Kc2 Rg4 37. Rh1 Kg6 38. f5+ Kxf5 39. Rxh5+ Kg6 40. Rh8
Rb8 41. Rxb8 Bxb8 42. Na6 Bd6 43. Nc5 Bxc5 44. dxc5 Kf6 45. Rf3+ Ke7 46. Kd2 Rg8
47. Ke3 e5 48. Rf5 Ke6 49. Rh5 Rxg3+ 50. Kf2 Rg8 51. Rh6+ f6 52. Rh7 Rb8 53. c6
Rxb2+ 54. Ke3 Rb6 55. Ra7 Rxc6 56. Rxa4 Rb6 57. Ra8 Rb2 {White resigns} 0-1

[Event "Team 45 45 League T78"]
[Site "Internet Chess Club"]
[Date "2018.09.23"]
[Round "1"]
[White "Manon"]
[Black "Percival"]
[Result "1/2-1/2"]
[WhiteElo "1995"]
[BlackElo "2014"]
[Opening "Alekhine's defense"]
[ECO "B02"]
[Time "07:01:25"]
[TimeControl "2700+45"]

1. e4 Nf6 2. e5 Nd5 3. c4 Nb6 4. d4 d6 5. Bf4 dxe5 6. Bxe5 Nc6 7. Nf3 Bg4 8. Nc3
e6 9. Be2 Nxe5 10. Nxe5 Bxe2 11. Nxe2 c5 12. Qc2 Qc7 13. O-O Be7 14. Rfe1 O-O
15. b3 cxd4 16. Nxd4 Bf6 17. Qe4 Nd7 18. f4 Rad8 19. Rad1 Nxe5 20. fxe5 Be7 21.
Re3 Bc5 22. Rh3 h6 23. Rhd3 f5 24. Qf4 g5 25. Qe3 Qb6 26. Kf1 Rd7 27. Qh3 Bxd4
28. Qxh6 Bg1 29. R1d2 Rxd3 30. Qg6+ Kh8 31. Qh6+ Kg8 32. Qg6+ Kh8 33. Qh6+ Kg8
34. Qg6+ Kh8 35. Qh6+ {Game drawn by repetition} 1/2-1/2

[Event "Team 45 45 League T78"]
[Site "Internet Chess Club"]
[Date "2018.09.23"]
[Round "1"]
[White "cool64chess"]
[Black "Monterrey"]
[Result "0-1"]
[WhiteElo "1991"]
[BlackElo "1932"]
[Opening "King's Indian: Sämisch, 5...O-O"]
[ECO "E81"]
[Time "10:01:01"]
[TimeControl "2700+45"]

1. d4 Nf6 2. c4 g6 3. Nc3 Bg7 4. e4 d6 5. f3 O-O 6. Be3 c5 7. d5 a6 8. Qd2 e6 9.
dxe6 Bxe6 10. O-O-O b5 11. Bxc5 Qa5 12. Qxd6 bxc4 13. Bb6 Qh5 14. g4 Qh6+ 15.
Kc2 Nfd7 16. Bd4 Bxd4 17. Rxd4 Qe3 18. Bxc4 Bxc4 19. Rxc4 Nb6 20. Rc7 N8d7 21.
Qd2 Qxd2+ 22. Kxd2 Rfd8 23. Ke2 Ne5 24. Nh3 Rd3 25. Ng5 Rad8 26. Rd1 Rxd1 27.
Nxd1 Nbc4 28. Nf2 Rd2+ 29. Ke1 Rxb2 30. f4 Rb1+ 31. Ke2 Rb2+ 32. Kf1 Ne3+ 33.
Ke1 Ng2+ 34. Kd1 Ne3+ 35. Kc1 N5c4 {White resigns} 0-1

[Event "Team 45 45 League T78"]
[Site "Internet Chess Club"]
[Date "2018.09.23"]
[Round "1"]
[White "bobhill"]
[Black "ArturitoGalacti"]
[Result "0-1"]
[WhiteElo "1814"]
[BlackElo "1907"]
[Opening "Queen's pawn"]
[ECO "A40"]
[Time "19:01:01"]
[TimeControl "2700+45"]

1. d4 e6 2. Nf3 f5 3. c4 Nf6 4. g3 d5 5. cxd5 exd5 6. Bg2 Bd6 7. Nc3 c6 8. O-O
O-O 9. Qc2 Ne4 10. Nxe4 fxe4 11. Bg5 Qb6 12. Nd2 Qxd4 13. Rad1 Qe5 14. Be3 Qe7
15. h4 Bg4 16. Bg5 Qc7 17. f3 exf3 18. exf3 Bf5 19. Ne4 dxe4 20. fxe4 Be6 21.
Rxf8+ Bxf8 22. Qf2 Nd7 23. Bf4 Qb6 24. Be3 Bc5 25. Bd4 Bxd4 26. Rxd4 Ne5 27. Kh1
Rf8 28. Qd2 Ng4 29. Rd6 Bc8 30. a4 Qe3 31. b4 Qxg3 {White resigns} 0-1

[Event "Team 45 45 League T78"]
[Site "Internet Chess Club"]
[Date "2018.09.23"]
[Round "1"]
[White "HomerSimpson"]
[Black "janh"]
[Result "1/2-1/2"]
[WhiteElo "1983"]
[BlackElo "1902"]
[Opening "Réti opening"]
[ECO "A11"]
[Time "15:04:02"]
[TimeControl "2700+45"]

1. Nf3 d5 2. c4 c6 3. g3 Nf6 4. Bg2 Bg4 5. Ne5 Bh5 6. Qb3 Qb6 7. Qxb6 axb6 8.
cxd5 Nxd5 9. Bxd5 cxd5 10. Nc3 e6 11. Nb5 Na6 12. d4 Be7 13. Bf4 f6 14. Nd3 Kd7
15. Rc1 Rhc8 16. Kd2 Rc6 17. a3 Rac8 18. f3 Bg6 19. h4 Rc4 20. b3 Rxc1 21. Rxc1
Rxc1 22. Nxc1 Kc6 23. Na7+ Kd7 24. Nb5 Kc6 25. Na7+ Kd7 26. Nb5 Kc6 {Game drawn
by repetition} 1/2-1/2

[Event "Team 45 45 League T78"]
[Site "Internet Chess Club"]
[Date "2018.09.21"]
[Round "1"]
[White "primerpaso"]
[Black "charles-allen"]
[Result "0-1"]
[WhiteElo "1851"]
[BlackElo "1833"]
[Opening "English opening"]
[ECO "A13"]
[Time "19:04:56"]
[TimeControl "2700+45"]

1. c4 e6 2. Nc3 f5 3. g3 Nf6 4. Bg2 Be7 5. e4 fxe4 6. Nxe4 e5 7. Ne2 c5 8. d3
O-O 9. O-O Nc6 10. h3 d6 11. Kh2 Qc7 12. f4 Be6 13. f5 Bd7 14. g4 Nd4 15. N2g3
Rae8 16. g5 Nxe4 17. dxe4 b5 18. Qh5 Bc6 19. g6 h6 20. Bxh6 gxh6 21. Qxh6 Bf6
22. h4 Qe7 23. Nh5 Ne2 24. cxb5 Bxb5 25. Rf2 Nf4 26. Rd1 Nxh5 27. Qxh5 Rd8 28.
Rfd2 Qc7 29. Rxd6 Rxd6 30. Rxd6 Qg7 31. Rd5 Rd8 32. Rxc5 a6 33. b3 Rd2 34. Rc8+
Rd8 35. Rc2 Bd3 36. Rc6 Bb5 37. Re6 Re8 38. Rb6 Rd8 39. a4 Bd3 40. Kg3 Bc2 41.
Rb4 Rd3+ 42. Bf3 Bd8 43. Rb8 Bxb3 44. Qg5 Qc7 45. f6 Rxf3+ 46. Kxf3 Qxb8 47. Qh6
Qc7 48. g7 Bd1+ 49. Kg3 Qc3+ 50. Kh2 Qc2+ 51. Kg3 Qd3+ 52. Kh2 Qe2+ 53. Kg3 Qf3+
{White resigns} 0-1

[Event "Team 45 45 League T78"]
[Site "Internet Chess Club"]
[Date "2018.09.24"]
[Round "1"]
[White "Ajolote"]
[Black "QuieroAprender"]
[Result "0-1"]
[WhiteElo "1854"]
[BlackElo "1737"]
[Opening "Ruy Lopez: closed defense"]
[ECO "C84"]
[Time "22:06:39"]
[TimeControl "2700+45"]

1. e4 e5 2. Nf3 Nc6 3. Bb5 a6 4. Ba4 Nf6 5. O-O Be7 6. c3 b5 7. Bb3 O-O 8. d3 h6
9. Nbd2 d6 10. h3 Be6 11. d4 exd4 12. cxd4 Bxb3 13. Qxb3 Na5 14. Qc2 c5 15. dxc5
dxc5 16. b3 Rc8 17. Bb2 c4 18. bxc4 Nxc4 19. Qc3 Nxd2 20. Qxd2 Nxe4 21. Qe3 Bf6
22. Rad1 Qc7 23. Bxf6 Nxf6 24. Qa3 Qb7 25. Rd6 Rc6 26. Rfd1 Rxd6 27. Rxd6 Ra8
28. Qa5 Ne4 29. Rd4 Nc5 30. Ne5 Ne6 31. Rd7 Qe4 32. Nxf7 Rf8 33. Nd8 Nxd8 34.
Rxd8 Qb1+ 35. Kh2 Rxd8 36. Qxd8+ Kh7 37. Qd5 a5 38. Kg3 a4 39. Kf3 b4 40. Ke2 b3
{White resigns} 0-1

[Event "Team 45 45 League T78"]
[Site "Internet Chess Club"]
[Date "2018.09.20"]
[Round "1"]
[White "andrew37"]
[Black "nathanpillay"]
[Result "1/2-1/2"]
[WhiteElo "1631"]
[BlackElo "1739"]
[Opening "Dutch with c4 & Nc3"]
[ECO "A85"]
[Time "16:06:28"]
[TimeControl "2700+45"]

1. d4 f5 2. c4 Nf6 3. Nc3 e6 4. Nf3 Bb4 5. g3 b6 6. Bg2 Bb7 7. O-O O-O 8. Qc2
Bxc3 9. Qxc3 Ne4 10. Qc2 d6 11. b4 Nd7 12. Bb2 Ndf6 13. Rfd1 Ng4 14. Rf1 f4 15.
Nd2 Nxd2 16. Qxd2 Bxg2 17. Kxg2 Qg5 18. Rad1 Qh5 19. h3 Nh6 20. c5 d5 21. cxb6
cxb6 22. Qd3 Rf6 23. Qf3 Qg6 24. g4 Nf5 25. Kh2 Nh4 26. Qd3 Qh6 27. f3 Qg5 28.
Bc1 Nf5 29. Rg1 Nh4 30. Bd2 Rh6 31. Be1 Rf8 32. Rc1 Rhf6 33. Rc7 R6f7 34. Rxf7
Rxf7 35. Bxh4 Qxh4 36. Qc2 Qf2+ 37. Rg2 Qxd4 38. Qc8+ Rf8 39. Qxe6+ Kh8 40. Qe7
Rc8 41. Qxa7 Qxb4 42. g5 g6 43. Qd7 Qc5 44. Qe6 Rf8 45. Qe5+ Kg8 46. Qe6+ Kg7
47. Qe5+ Kg8 48. Qe6+ Kg7 49. Qe5+ Kg8 50. Qe6+ Kg7 51. Qe5+ Kg8 52. Qe6+ {Game
drawn by repetition} 1/2-1/2

[Event "Team 45 45 League T78"]
[Site "Internet Chess Club"]
[Date "2018.09.25"]
[Round "1"]
[White "Ajolote"]
[Black "kidcobra"]
[Result "1/2-1/2"]
[WhiteElo "1848"]
[BlackElo "1807"]
[Opening "Ruy Lopez: Cozio defense"]
[ECO "C60"]
[Time "22:27:05"]
[TimeControl "2700+45"]

1. e4 e5 2. Nf3 Nc6 3. Bb5 Nge7 4. O-O d6 5. d4 exd4 6. Nxd4 Bd7 7. Nc3 Nxd4 8.
Bxd7+ Qxd7 9. Qxd4 Nc6 10. Qd1 Be7 11. Bf4 Ne5 12. Bxe5 dxe5 13. Qxd7+ Kxd7 14.
Rfd1+ Kc6 15. Rd5 f6 16. Rad1 Rhd8 17. b4 a6 18. a4 Rd6 19. Kf1 Rad8 20. Ke2 Kd7
21. Rxd6+ Bxd6 22. Nd5 c6 23. Ne3 Ke6 24. c3 g6 25. g4 Bc7 26. Rxd8 Bxd8 27. f3
a5 28. Kd3 b5 29. axb5 cxb5 30. bxa5 Bxa5 31. h3 Bb6 32. Nd5 Ba5 33. Ne3 h6 34.
Kd2 Kd6 35. Kd3 Kc5 36. Ng2 h5 37. gxh5 gxh5 38. Ne3 Kc6 39. Nf5 Bb6 40. Ng7 h4
41. Nf5 Bf2 42. Ke2 Bc5 43. Nxh4 Kd6 44. Nf5+ Ke6 45. Ne3 Kf7 46. Nd5 Kg6 47.
Kf1 Kg5 48. Kg2 f5 49. exf5 Kxf5 50. Nc7 b4 51. cxb4 Bxb4 52. Nd5 Bd2 53. Nb6
Be3 54. Nc4 Bd4 55. Kg3 Ba7 56. h4 Bb8 57. Kh3 Kf4 58. Kg2 Bc7 59. Nxe5 Bxe5 60.
h5 Bh8 61. h6 Be5 62. h7 Bf6 63. h8=Q Bxh8 64. Kf1 Bd4 65. Ke1 Ke3 66. f4 Ke4
67. f5 Ke5 68. f6 Ke6 69. f7 Ke7 70. f8=Q+ Kxf8 {Game drawn because neither
player has mating material} 1/2-1/2

[Event "Team 45 45 League T78"]
[Site "Internet Chess Club"]
[Date "2018.09.23"]
[Round "1"]
[White "evan7284"]
[Black "Portola"]
[Result "0-1"]
[WhiteElo "1601"]
[BlackElo "1780"]
[Opening "Queen's pawn, Mason variation"]
[ECO "D00"]
[Time "13:00:58"]
[TimeControl "2700+45"]

1. d4 d5 2. Bf4 c6 3. c3 Nf6 4. e3 Bf5 5. Bd3 Bg6 6. Qc2 e6 7. Nd2 Be7 8. Ngf3
Nbd7 9. Ne5 Nxe5 10. dxe5 Nd7 11. O-O-O Qa5 12. Kb1 c5 13. Bxg6 hxg6 14. Nb3 Qa6
15. e4 c4 16. Nd4 dxe4 17. Qxe4 Nc5 18. Qc2 Nd3 19. Bg3 b5 20. Ne2 b4 21. Nf4
Nxb2 22. Qxb2 bxc3 23. Qxc3 Rb8+ 24. Ka1 Rb3 25. Qd4 O-O 26. Rb1 Rd8 {White
resigns} 0-1

[Event "Team 45 45 League T78"]
[Site "Internet Chess Club"]
[Date "2018.09.20"]
[Round "1"]
[White "misuc56"]
[Black "RD1974"]
[Result "1-0"]
[WhiteElo "1550"]
[BlackElo "1567"]
[Opening "QGD: 3...Nf6"]
[ECO "D35"]
[Time "18:03:56"]
[TimeControl "2700+45"]

1. d4 Nf6 2. c4 e6 3. Nc3 d5 4. e3 c5 5. Nf3 Nc6 6. cxd5 exd5 7. Bb5 a6 8. Bxc6+
bxc6 9. O-O cxd4 10. Nxd4 Qc7 11. Nf3 Bd6 12. h3 O-O 13. Bd2 Bf5 14. Rc1 c5 15.
Ne2 Ne4 16. Bc3 Nxc3 17. Rxc3 Be6 18. a3 Qb6 19. Rb3 Qc6 20. Rc3 Rab8 21. b4 Qb6
22. bxc5 Bxc5 23. Ned4 Qa5 24. Qd3 Bd7 25. Rfc1 Rfc8 26. Nb3 Rxb3 27. Rxb3 Be6
28. Rbc3 g6 29. Nd4 Qb6 30. Nxe6 fxe6 31. Qc2 Rf8 32. Rxc5 Qd6 33. Rc6 Qe5 34.
Rf1 d4 35. exd4 Qxd4 36. Qc4 {Black resigns} 1-0

[Event "Team 45 45 League T78"]
[Site "Internet Chess Club"]
[Date "2018.09.22"]
[Round "1"]
[White "ChessMaine"]
[Black "g8wrb"]
[Result "1-0"]
[WhiteElo "1506"]
[BlackElo "1254"]
[Opening "Queen's pawn: Torre attack"]
[ECO "A40"]
[Time "06:00:58"]
[TimeControl "2700+45"]

1. d4 e6 2. Nf3 Nf6 3. Bg5 Be7 4. e3 b6 5. Bd3 Bb7 6. Nbd2 Nc6 7. O-O O-O 8. Re1
d5 9. c3 Qd6 10. Bxf6 Bxf6 11. e4 dxe4 12. Nxe4 Ne7 13. Nxd6 cxd6 14. Be4 d5 15.
Bd3 Rac8 16. Rc1 Rc7 17. Ne5 Rfc8 18. f4 Ba8 19. Re3 Bb7 20. Bxh7+ Kxh7 21. Qh5+
Kg8 22. Qxf7+ Kh8 23. Rh3+ {Black resigns} 1-0

[Event "Team 45 45 League T78"]
[Site "Internet Chess Club"]
[Date "2018.09.21"]
[Round "1"]
[White "edelgado"]
[Black "Chessfish"]
[Result "1/2-1/2"]
[WhiteElo "1534"]
[BlackElo "1760"]
[Opening "Scotch: Potter variation"]
[ECO "C45"]
[Time "22:30:22"]
[TimeControl "2700+45"]

1. e4 e5 2. Nf3 Nc6 3. d4 exd4 4. Nxd4 Bc5 5. Nb3 Bb6 6. a4 a6 7. Nc3 Nf6 8. Be2
O-O 9. O-O d6 10. Bg5 h6 11. Bxf6 Qxf6 12. Nd5 Qxb2 13. Nxb6 cxb6 14. Rb1 Qe5
15. Nd2 Rd8 16. Nc4 Qxe4 17. Nxb6 Rb8 18. Bf3 Qf4 19. g3 Qe5 20. Re1 Qc3 21. Re3
Qa5 22. Nxc8 Rdxc8 23. c3 Qc5 24. Qd5 b5 25. axb5 Rxb5 26. Rxb5 axb5 27. Qxc5
dxc5 28. Bxc6 Rxc6 29. Re8+ Kh7 30. Rb8 b4 31. cxb4 cxb4 32. Rxb4 Rc1+ 33. Kg2
f6 34. h4 g5 35. hxg5 hxg5 36. Rb6 Kg6 37. g4 Rc4 38. f3 Rc2+ 39. Kg3 Rc1 40.
Kf2 Rc2+ 41. Kg3 Re2 42. Ra6 Re1 43. Kf2 Rh1 44. Kg2 {Game drawn by mutual
agreement} 1/2-1/2

[Event "Team 45 45 League T78"]
[Site "Internet Chess Club"]
[Date "2018.09.24"]
[Round "1"]
[White "DaveTheRook"]
[Black "krysto"]
[Result "1/2-1/2"]
[WhiteElo "1616"]
[BlackElo "1546"]
[Opening "QGD: exchange variation"]
[ECO "D35"]
[Time "18:15:31"]
[TimeControl "2700+45"]

1. d4 Nf6 2. c4 e6 3. Nc3 d5 4. cxd5 exd5 5. Nf3 Be7 6. Bg5 O-O 7. e3 Be6 8. Bd3
h6 9. Bh4 Nbd7 10. O-O Re8 11. h3 Nf8 12. Bg3 Qd7 13. Ne5 Qd8 14. Rc1 c6 15. a3
a6 16. Na4 Bd6 17. Nc5 Bxc5 {Game drawn by mutual agreement} 1/2-1/2

[Event "Team 45 45 League T78"]
[Site "Internet Chess Club"]
[Date "2018.09.23"]
[Round "1"]
[White "scostanzo212"]
[Black "pokerram"]
[Result "1/2-1/2"]
[WhiteElo "1551"]
[BlackElo "1615"]
[Opening "QGD semi-Slav: Stoltz variation"]
[ECO "D45"]
[Time "14:04:39"]
[TimeControl "2700+45"]

1. d4 d5 2. c4 c6 3. Nf3 Nf6 4. Nc3 e6 5. e3 Nbd7 6. Qc2 dxc4 7. Bxc4 b5 8. Bd3
Bb7 9. Ne4 Nxe4 10. Bxe4 Rc8 11. Qe2 Be7 12. O-O Qb6 13. Bd2 Nf6 14. Bd3 a6 15.
b4 Nd5 16. a3 Qc7 17. Rfc1 Qb8 18. Rc2 Bd6 19. Rac1 O-O 20. e4 Nf4 21. Bxf4 Bxf4
22. Rd1 Bh6 23. Rc5 g6 24. e5 Qa8 25. Qb2 Rfd8 26. Be4 Bf8 27. Rcc1 Bh6 28. Ra1
a5 29. Kh1 Qa7 30. Kg1 Rd7 31. Rd3 Rdc7 32. Rdd1 a4 33. Rd3 Qa8 34. Rad1 Qb8 35.
Kf1 Qa7 36. Kg1 Qa8 37. Kf1 {Game drawn by mutual agreement} 1/2-1/2

[Event "Team 45 45 League T78"]
[Site "Internet Chess Club"]
[Date "2018.09.19"]
[Round "1"]
[White "liujf"]
[Black "ryanfu2008"]
[Result "1-0"]
[WhiteElo "1561"]
[BlackElo "1522"]
[Opening "Ruy Lopez: 5.O-O"]
[ECO "C78"]
[Time "18:30:16"]
[TimeControl "2700+45"]

1. e4 e5 2. Nf3 Nc6 3. Bb5 a6 4. Ba4 Nf6 5. O-O b5 6. Bb3 Bc5 7. a4 Bb7 8. c3 d6
9. Re1 O-O 10. d4 Bb6 11. Bg5 h6 12. Bh4 g5 13. Bg3 Re8 14. h3 exd4 15. cxd4
Nxe4 16. Bh2 Nf6 17. Nc3 Rxe1+ 18. Qxe1 Nxd4 19. Nxd4 Bxd4 20. axb5 axb5 21.
Rxa8 Bxa8 22. Nxb5 Bxb2 23. Qb4 Qb8 24. Bxf7+ Kg7 25. Qxb2 Bc6 26. Bc4 Bxb5 27.
Qxb5 Qxb5 28. Bxb5 Kf7 29. Kf1 Ke6 30. Bc6 Nd5 31. Ke2 Nb4 32. Ba4 c5 33. Kd2 d5
34. Bc7 d4 35. Ba5 Nd5 36. Bb3 Ke5 37. g3 Ke4 38. Bc4 Nb4 39. Bxb4 cxb4 40. Ke2
b3 41. Bxb3 d3+ 42. Ke1 Kf3 43. Kf1 Ke4 44. Bd1 Kd4 45. Ke1 Ke4 46. Kd2 Kd4 47.
f3 Kc4 48. Ba4 Kd4 49. Bb5 h5 50. Bxd3 Ke5 51. Ke3 Kd5 52. f4 g4 53. hxg4 hxg4
54. Bf5 {Black resigns} 1-0